 Dungeon Crawl Stone Soup version 0.25-a0-251-g572059c536 (webtiles) character file.

Game seed: 7421576481343540442, levelgen mode: deterministic

441 MisterFreud the Cutter (level 6, -1/30 HPs)
             Began as a Spriggan Assassin on Dec 4, 2019.
             Was a Priest of Uskayaw.
             Killed by divine providence
             ... invoked by an orc priest
              (12 damage)
             ... on level 5 of the Dungeon.
             The game lasted 00:10:46 (4842 turns).

MisterFreud the Cutter (Spriggan Assassin)          Turns: 4842, Time: 00:10:48

Health: -1/30      AC:  4    Str:  9    XL:     6   Next: 70%
Magic:  7/7        EV: 24    Int: 12    God:    Uskayaw [***...]
Gold:   157        SH:  0    Dex: 23    Spells: 5/5 levels left

rFire    . . .     SeeInvis +   a - +3 dagger
rCold    . . .     Gourm    .   (shield restricted)
rNeg     . . .     Faith    .   b - +0 robe
rPois    .         Spirit   .   (helmet restricted)
rElec    .         Reflect  .   c - +1 cloak
rCorr    .         Harm     .   (gloves unavailable)
MR       +....                  (boots unavailable)
Stlth    +++++.....             m - amulet of the acrobat
HPRegen  0.10/turn              (no ring)
MPRegen  0.10/turn              (no ring)

@: agile, very quick
A: very small, unfitting armour, see invisible, herbivore, speed 3, slow
metabolism 2
a: Stomp, Line Pass, Renounce Religion


You were on level 5 of the Dungeon.
You worshipped Uskayaw.
Uskayaw was noncommittal.
You were not hungry.

You visited 2 branches of the dungeon, and saw 6 of its levels.
You also visited: Ossuary.

You collected 157 gold pieces.

Inventory:

Hand Weapons
 a - a +3 dagger (weapon)
Missiles
 d - 7 poisoned darts (quivered)
 e - 2 curare-tipped darts
Armour
 b - a +0 robe (worn)
 c - a +1 cloak (worn)
Jewellery
 m - an amulet of the acrobat (around neck)
Scrolls
 h - 2 scrolls of teleportation
 k - 3 scrolls of remove curse
 s - a scroll of magic mapping {unknown}
Potions
 g - 2 potions of cancellation {unknown}
 i - 3 potions of mutation
 j - 2 potions of agility
 l - a potion of might {unknown}
 n - 4 potions of curing
 o - a potion of ambrosia {unknown}
 p - a potion of heal wounds {unknown}
 q - a potion of flight {unknown}
 r - a potion of lignification {unknown}
 t - 2 potions of brilliance {unknown}
Comestibles
 f - 4 rations


   Skills:
 + Level 2.2 Fighting
 + Level 6.9 Short Blades
 - Level 2.0 Throwing
 + Level 3.2 Dodging
 + Level 6.8 Stealth


You had 5 spell levels left.
You didn't know any spells.
Your spell library was empty.

Dungeon Overview and Level Annotations

Branches:
Dungeon (5/15)             Temple (1/1) D:4         Ossuary (visited)

Altars:
Ashenzari
Cheibriados
Dithmenos
Hepliaklqana
Ru
Uskayaw
Wu Jian
Xom

Annotations:
D:4 Sigmund


Innate Abilities, Weirdness & Mutations

You are very small and have problems with some larger weapons.
You are too small for most types of armour.
You have supernaturally acute eyesight. (SInv)
You are a herbivore.
You cover ground extremely quickly.
You need to consume almost no food.


Message History

a +0 whip; a +0 leather armour; an orc corpse You hit the orc but do no damage.
You closely miss the orc. The orc misses you.
You hit the orc.
The orc is heavily wounded.
The orc completely misses you.
You hit the orc but do no damage.
The orc is heavily wounded.
You hit the orc.
The orc is severely wounded.
The orc completely misses you.
Uskayaw will force your foes to helplessly watch your dance.
Uskayaw prepares the audience for your solo!
The helpless orc fails to defend itself.
You stick the orc like a pincushion!!!
You kill the orc!
The orc priest is no longer paralysed.
The orc is no longer paralysed.
The orc priest mumbles some strange prayers to Beogh against you.
Beogh smites you!
You die...

#.##.........##
#.##..(...>..#
#.##.........##
#...<........)#
########.####.#
###. #.# #..
#.# ##.######.#
#.oo)@))..#
#..########
#..# #..# #..#
#..# #..#
.....?..#
##.......


You could see an orc priest and an orc.

Vanquished Creatures
  An ogre (D:4)
  A hound (D:4)
  An orc wizard (D:5)
  Natasha (thrice) (D:4)
  3 worker ants (D:4)
  4 adders
  2 oozes (D:3)
  An adder skeleton (D:4)
  3 worms
  A dart slug (D:2)
  2 leopard geckos (D:1)
  9 orcs
  A ball python (D:1)
  11 giant cockroaches
  6 goblins
  11 hobgoblins
  5 jackals
  3 kobolds
  A quokka (D:3)
  11 bats
  5 frilled lizards
  A quokka skeleton (D:4)
  7 rats
93 creatures vanquished.

Notes
Turn   | Place    | Note
-------+----------+-------------------------------------------
     0 | D:1      | MisterFreud the Spriggan Assassin began the quest for the
                  | Orb.
     0 | D:1      | Reached XP level 1. HP: 10/10 MP: 2/2
    12 | D:1      | You fall into a shaft and drop 1 floor!
   175 | D:1      | Reached XP level 2. HP: 14/14 MP: 3/3
   928 | D:1      | Reached XP level 3. HP: 18/18 MP: 4/4
  1835 | D:2      | Reached XP level 4. HP: 19/22 MP: 5/5
  1925 | D:2      | Reached skill level 5 in Short Blades
  2341 | D:3      | Found a hazy altar of Hepliaklqana.
  3074 | D:3      | Found a sacrificial altar of Ru.
  3076 | D:3      | Found an ornate altar of the Wu Jian Council.
  3212 | D:3      | Reached XP level 5. HP: 25/25 MP: 6/6
  3286 | D:4      | Noticed an ogre
  3287 | D:4      | Killed an ogre
  3339 | D:4      | Reached XP level 6. HP: 20/30 MP: 7/7
  3563 | D:4      | Found a staircase to the Ecumenical Temple.
  3570 | Temple   | Entered the Ecumenical Temple
  3612 | Temple   | Became a worshipper of Uskayaw the Reveler
  3842 | D:4      | Reached * piety under Uskayaw
  3849 | D:4      | Reached ** piety under Uskayaw
  3935 | D:4      | Found a sand-covered staircase.
  3943 | Ossuary  | Entered an ossuary
  4037 | D:4      | Noticed Sigmund
  4040 | D:4      | Noticed an ice beast
  4475 | D:4      | Noticed Natasha
  4480 | D:4      | Killed Natasha
  4567 | D:4      | Noticed Natasha
  4592 | D:4      | Killed Natasha
  4602 | D:4      | Noticed Natasha
  4614 | D:4      | Killed Natasha
  4661 | D:5      | Entered Level 5 of the Dungeon
  4841 | D:5      | Reached *** piety under Uskayaw
  4842 | D:5      | Killed from afar by an orc priest

Levels and vault maps discovered:
D:1:      evilmike_arrival_plus, layout_basic, minmay_tree_intersection
D:2:      layout_loops_ring, first_ration
D:3:      layout_basic, nicolae_overflow_hidden_temple, st_stairs_4
D:4:      layout_layer_cave, temple_green, nicolae_ossuary_entry_monument,
          uniq_natasha, uniq_sigmund
D:5:      layout_loops_ring
Temple:   hc_temple_tempest_star

Skill      XL: |  1  2  3  4  5  6 |
---------------+-------------------+-----
Short Blades   | 3 4 5 6 |  6.9
Stealth        | 6 |  6.8
Dodging        | 2 3 |  3.2
Fighting       | 2 |  2.2
Throwing       | |  2.0

Action                   |  1- 3 |  4- 6 || total
-------------------------+-------+-------++-------
Melee: Dagger            |   150 |   279 ||   429
Throw: Dart              |       |     5 ||     5
  Use: Scroll            |     5 |     5 ||    10
       Potion            |       |     2 ||     2
 Stab: Sleeping          |    15 |    12 ||    27
       Distracted        |       |     1 ||     1
       Paralysed         |       |     1 ||     1
  Eat: Ration            |       |     1 ||     1
Armor: Robe              |    19 |    22 ||    41
Dodge: Dodged            |   108 |   176 ||   284

Table legend:
 A = Non-vault XP
 B = Vault XP
 C = Vault XP percentage of total XP
 D = Non-vault monster count
 E = Vault monster count
 F = Vault count percentage of total count
                 A         B        C        D         E       F
            +---------+---------+-------+---------+---------+-------
      Total |     587 |      43 |   6.8 |      90 |       3 |   3.2
            +---------+---------+-------+---------+---------+-------
        D:1 |      45 |       0 |   0.0 |      26 |       0 |   0.0
        D:2 |      80 |       0 |   0.0 |      22 |       0 |   0.0
        D:3 |      64 |       7 |   9.9 |      22 |       2 |   8.3
        D:4 |     348 |      36 |   9.4 |      16 |       1 |   5.9
        D:5 |      50 |       0 |   0.0 |       4 |       0 |   0.0
            +---------+---------+-------+---------+---------+-------
